 Dungeon Crawl Stone Soup version 0.29-a0-409-gd843f3a48c (webtiles) character file.

Game seed: 3594364080534183059

79 exilicon the Grave Robber (level 4, 0/32 HPs)
             Began as a Demonspawn Necromancer on Oct 23, 2020.
             Slain by an orc
             ... wielding a +0 hand axe
              (2 damage)
             ... on level 3 of the Dungeon on May 14, 2022.
             The game lasted 00:07:33 (2680 turns).

exilicon the Grave Robber (Demonspawn Necromancer)  Turns: 2680, Time: 00:07:34

Health: 0/32       AC:  3    Str:  8    XL:     4   Next: 16%
Magic:  7/7        EV: 12    Int: 17    God:
Gold:   176        SH:  0    Dex: 14    Spells: 6/8 levels left

rFire   + . .      SeeInvis .   f - +0 dagger
rCold   . . .      Faith    .   (no shield)
rNeg    . . .      Spirit   .   a - +0 robe
rPois   .          Reflect  .   (helmet restricted)
rElec   .          Harm     .   (no cloak)
rCorr   .          Rampage  .   c - +0 pair of gloves
Will    .....                   (no boots)
Stlth   ++........              (no amulet)
HPRegen 0.10/turn               (no ring)
MPRegen 0.10/turn               (no ring)

@: no status effects
A: horns 1, fire resistance 1, flame cloud immunity
a: no special abilities


You were on level 3 of the Dungeon.
You visited 1 branch of the dungeon, and saw 3 of its levels.

You collected 176 gold pieces.

Inventory:

Hand Weapons
 f - a +0 dagger (weapon)
Armour
 a - a +0 robe (worn)
 c - a +0 pair of gloves (worn)
 g - a +0 helmet
Scrolls
 h - 2 scrolls of identify {unknown}
 i - 2 scrolls of enchant weapon {unknown}
 j - a scroll of blinking {unknown}
 k - 2 scrolls of enchant armour {unknown}
 l - 4 scrolls of fog {unknown}
 m - 3 scrolls of removedness
 n - a scroll of immolation {unknown}
Potions
 b - a potion of might {unknown}
 d - a potion of curing {unknown}
 e - a potion of attraction {unknown}
 o - 2 potions of brilliance {unknown}
 p - a potion of lignification {unknown}


   Skills:
 * Level 1.0 Fighting
 * Level 1.0 Short Blades
 - Level 2.0 Dodging
 + Level 1.9 Stealth
 + Level 2.5 Spellcasting
 - Level 5.2 Necromancy


You had 6 spell levels left.
You knew the following spells:

 Your Spells              Type           Power      Damage    Failure   Level
a - Pain                  Necr           80%        1d8       1%          1
b - Animate Skeleton      Necr           40%        N/A       1%          1

Your spell library contained the following spells:

 Spells                   Type           Power      Damage    Failure   Level
 Vampiric Draining        Necr           20%        2d7       6%          3
 Animate Dead             Necr           10%        N/A       21%         4
 Agony                    Necr           20%        N/A       50%         5


Dungeon Overview and Level Annotations

Branches:
Dungeon (3/15)

Altars:


Innate Abilities, Weirdness & Mutations

You have a pair of small horns on your head.
Your flesh is heat resistant. (rF+)
You are immune to clouds of flame.


Message History

No target in view!
No target in view!
No target in view!
No target in view!
No target in view!
No target in view!
No target in view!
No target in view!
You now have 159 gold pieces (gained 15).
You now have 176 gold pieces (gained 17).
p - a bubbling emerald potion Welcome back, exilicon the Demonspawn Necromancer.
Press ? for a list of commands and other information.
Welcome back, exilicon the Demonspawn Necromancer.
Press ? for a list of commands and other information.
Unknown command.
Unknown command.
Unknown command.
An orc comes into view. It is wielding a +0 hand axe.
The orc shouts!
A goblin comes into view. It is wielding a +0 dagger.
The goblin shouts!
The orc hits you with a +0 hand axe.
You hit the orc.
The orc is heavily wounded.
The orc hits you with a +0 hand axe.
You hit the orc but do no damage.
The orc is heavily wounded.
The orc hits you with a +0 hand axe. The orc attacks as you move away!
The orc hits you with a +0 hand axe. The orc attacks as you move away!
The orc hits you with a +0 hand axe. The orc attacks as you move away!
The orc closely misses you. The orc hits you with a +0 hand axe.
* * * LOW HITPOINT WARNING * * *
The orc attacks as you move away! The orc hits you with a +0 hand axe.
* * * LOW HITPOINT WARNING * * *
Found a jewelled brass wand.
The orc attacks as you move away! The orc barely misses you.
The orc attacks as you move away! The orc hits you with a +0 hand axe.
You die...

....##+##
#.........#####
........# ##.........#
........#####
#..........#
............#
#.##########
............###.....#
.#...............##.###
#.....................
##...............#.#####
##............@....../.
##.....†.....o.#.##.#
#>............#.#
##+#.......g..# #
.#..........#
#............#
#.###.......####
..................
###.##.......######


You could see an orc and a goblin.

Vanquished Creatures
  3 adders
  An endoplasm (D:1)
  A dart slug (D:2)
  A removed leopard gecko (D:1)
  6 bats
  3 giant cockroaches
  8 goblins
  7 hobgoblins
  2 jackals (D:2)
  A frilled lizard (D:1)
  5 kobolds
  3 rats
41 creatures vanquished.

Notes
Turn   | Place    | Note
-------+----------+-------------------------------------------
     0 | D:1      | exilicon the Demonspawn Necromancer began the quest for the
                  | Orb.
     0 | D:1      | Reached XP level 1. HP: 13/13 MP: 3/3
   309 | D:1      | Learned a level 1 spell: Animate Skeleton
   334 | D:1      | Gained mutation: Your flesh is heat resistant. (rF+)
                  | [demonic ancestry]
   334 | D:1      | Reached XP level 2. HP: 19/19 MP: 3/5
   595 | D:1      | Reached skill level 5 in Necromancy
  1039 | D:2      | Gained mutation: You have a pair of small horns on your
                  | head. [demonic ancestry]
  1039 | D:2      | Reached XP level 3. HP: 22/24 MP: 2/6
  1299 | D:2      | Upgraded the game from 0.26-a0-690-gcb57259078 to
                  | 0.26-a0-752-gcff87cac9a
  2495 | D:3      | Gained mutation: You are immune to clouds of flame.
                  | [demonic ancestry]
  2495 | D:3      | Reached XP level 4. HP: 31/31 MP: 5/7
  2541 | D:3      | Reached skill level 1 in Short Blades
  2636 | D:3      | Reached skill level 1 in Fighting
  2650 | D:3      | Upgraded the game from 0.26-a0-752-gcff87cac9a to
                  | 0.28-a0-8-g6e044cfa68
  2650 | D:3      | Upgraded the game from 0.28-a0-8-g6e044cfa68 to
                  | 0.29-a0-409-gd843f3a48c
  2677 | D:3      | HP: 1/32 [orc/+0 hand axe (3)]
  2680 | D:3      | Slain by an orc

Illustrated notes

Levels and vault maps discovered:
D:1:      enne_arrival_octagon_isle, layout_loops_ring
D:2:      layout_basic
D:3:      layout_basic, grunt_temple_overflow_opulence,
          gammafunk_ghost_nasty_kobolds

Skill      XL: |  1  2  3  4 |
---------------+-------------+-----
Necromancy     | 5 |  5.2
Dodging        | 2 |  2.0
Short Blades   | 1 |  1.0
Fighting       | 1 |  1.0
Stealth        | |  1.9
Spellcasting   | |  2.5

Action                   |  1- 3 |  4- 6 || total
-------------------------+-------+-------++-------
Melee: Dagger            |    14 |    15 ||    29
       Headbutt          |     3 |       ||     3
 Cast: Pain              |    55 |     7 ||    62
       Animate Skeleton  |     5 |     1 ||     6
 Stab: Sleeping          |     1 |       ||     1
Armor: Robe              |     3 |     7 ||    10
Dodge: Dodged            |    11 |    26 ||    37

Table legend: (Time is in decaauts)
 A = Elapsed time spent in this place.
 B = Non-inter-level travel time spent in this place.
 C = Inter-level travel time spent in this place.
 D = Time resting spent in this place.
 E = Time spent auto-exploring this place.
 F = Levels seen in this place.
 G = Mean time per level.
                   A        B        C        D        E       F      G
               +--------+--------+--------+--------+--------+-----+--------+
         Total |   2678 |   2585 |     93 |    522 |   1745 |   3 |  892.7 |
       Dungeon |   2678 |   2585 |     93 |    522 |   1745 |   3 |  892.7 |
               +--------+--------+--------+--------+--------+-----+--------+

Top non-repeatable levels by time:
     D:2: 1539 daAuts
     D:1: 952 daAuts
     D:3: 186 daAuts
